 Dungeon Crawl Stone Soup version 0.14-a0-1499-g388a102 (webtiles) character file.

324793 Ololoev the Devastator (level 21, -8/132 HPs)
             Began as a Gargoyle Conjurer on Dec 14, 2013.
             Was the Champion of Vehumet.
             Mangled by a deep troll earth mage (10 damage)
             ... on Level 5 of the Depths on Dec 15, 2013.
             The game lasted 06:15:47 (63691 turns).

Ololoev the Devastator (Gargoyle Conjurer)         Turns: 63691, Time: 06:15:47

HP  -8/132       AC 29     Str 14      XL: 21   Next: 85%
MP  31/50        EV 10     Int 24      God: Vehumet [******]
Gold 4872        SH  9     Dex 12      Spells: 10 memorised, 10 levels left

rFire  + + +     SeeInvis +     h - +9,-1 morningstar of Utonut {crush, rF++ rC+}
rCold  + + .     Clarity  +     E - +3 leather armour "Qas Arhu" {rF+ MR++}
rNeg   + . .     Conserve .     s - +1 buckler of Gronn {MR++}
rPois  +         rCorr    .     v - +1 spiked helmet {SInv}
rElec  +         rRot     +     l - +0 cloak
SustAb . .       Spirit   .     B - +2 pair of orc gloves {archer}
rMut   .         Warding  .     F - +1 pair of boots {Fly}
Saprov . . .     Stasis   .     p - amulet of clarity
                                a - ring of protection from cold
                                H - ring of magical power

@: about to teleport, flying, incredibly resistant to hostile enchantments,
fairly stealthy
A: large and strong wings, agile 1, life protection 1, electricity resistance,
unbreathing, petrification resistance, AC +15
a: Stop Flying, Renounce Religion
}: 1/15 runes: decaying


You were on level 5 of the Depths.
You worshipped Vehumet.
Vehumet was exalted by your worship.
You were not hungry.

You visited 6 branches of the dungeon, and saw 39 of its levels.
You visited 1 bazaar.
You also visited: Labyrinth, Ossuary and Bailey.

You collected 6329 gold pieces.
You spent 1457 gold pieces at shops.

Inventory:

Hand weapons
 h - the +9,-1 morningstar of Utonut (weapon) {crush, rF++ rC+}
   (You found it on level 15 of the Dungeon)

   It inflicts extra damage upon your enemies.
   It greatly protects you from fire.
   It protects you from cold.
Armour
 l - a +0 cloak (worn)
 s - the +1 buckler of Gronn (worn) {MR++}
   (You acquired it on level 6 of the Lair of Beasts)

   It affects your resistance to hostile enchantments.
 v - a +1 spiked helmet of see invisible (worn)
 B - a +2 pair of orcish gloves of archery (worn)
 E - the +3 leather armour "Qas Arhu" (worn) {rF+ MR++}
   (You bought it in a shop in a bazaar)

   It protects you from fire.
   It affects your resistance to hostile enchantments.
 F - a +1 pair of boots of flying (worn)
Magical devices
 d - a wand of digging (8)
 m - a wand of digging (14)
Comestibles
 f - 4 bread rations
 k - 8 meat rations
 q - 5 chunks of deep troll flesh
Scrolls
 e - 2 scrolls of teleportation
 o - 4 scrolls of recharging
 r - 3 scrolls of remove curse
 w - 2 scrolls of magic mapping
 C - a scroll of fear
 L - a scroll of amnesia
 M - a scroll of enchant armour
 O - a scroll of torment {unknown}
Jewellery
 a - a ring of protection from cold (right hand)
 p - an amulet of clarity (around neck)
 H - a ring of magical power (left hand)
 J - an uncursed ring of fire
Potions
 c - a potion of restore abilities
 g - 4 potions of resistance
 j - 2 potions of cure mutation {unknown}
 u - 2 potions of magic
 G - a potion of brilliance
Books
 y - a Necronomicon {highlevel}

   This book is beyond your current level of understanding.

   Spells                             Type                      Level
   Haunt                              Necromancy/Summoning         7
   Borgnjor's Revivification          Necromancy                   8
   Death's Door                       Charms/Necromancy            8
   Necromutation                      Transmutation/Necromancy     8
Magical staves
 b - an uncursed staff of earth
 n - an uncursed staff of energy


   Skills:
 + Level 14.2 Fighting
 - Level 1.5 Dodging
 - Level 2.1 Stealth
 - Level 2.0 Shields
 - Level 17.0 Spellcasting
 + Level 21.6 Conjurations
 - Level 4.0 Charms
 + Level 20.4 Fire Magic
 - Level 8.0 Earth Magic


You had 10 spell levels left.
You knew the following spells:

 Your Spells              Type           Power        Failure   Level  Hunger
a - Magic Dart            Conj           ####         0%          1    None
b - Searing Ray           Conj           ######       0%          2    None
c - Iskenderun's Battles  Conj/Chrm      ######..     1%          4    None
d - Iskenderun's Mystic   Conj           #######.     0%          4    None
e - Bolt of Magma         Conj/Fire/Erth #######...   1%          5    None
f - Conjure Flame         Conj/Fire      #######.     0%          3    None
g - Delayed Fireball      Conj/Fire      N/A          1%          7    #####..
h - Fulminant Prism       Conj/Hex       ######....   1%          5    None
i - Orb of Destruction    Conj           #######...   1%          7    #####..
j - Haste                 Chrm           #####...     87%         6    ####...


Dungeon Overview and Level Annotations

Branches:
Dungeon (16/16) Temple (1/1) D:4 Orc (4/4) D:11 Elf (0/3) Orc:3 Lair (8/8) D:11 Swamp (5/5) Lair:4 Spider (0/5) Lair:5 Slime (0/6) Lair:7 Vaults (0/5) D:14 D:15 Depths (5/6) D:16

Altars:
Ashenzari
Cheibriados
Elyvilon
Fedhas
Kikubaaqudgha
Makhleb
Okawaru
Trog
Vehumet
Yredelemnul
the Shining One
Beogh
Jiyva

Shops:
D:4 !   D:7 *   D:8 [   D:9 [   D:11 *   D:14 *   Orc:4 *+*[(   Depths:3 (
Depths:4 %![*

Portals:
Hell: Depths:1 Depths:2 Depths:3 Depths:4 Depths:5
Abyss: Depths:4 Depths:5
Pandemonium: Depths:1 Depths:2 Depths:3 Depths:5
Ziggurat: D:4 (4560 gp)

Annotations:
Depths:1 Mara


Innate Abilities, Weirdness & Mutations

You are resistant to torment.
You are immune to poison.
You can fly continuously.
Your stone body is very resilient (AC +15).
Your wings are large and strong.
You resist negative energy.
You are resistant to electric shocks.
You can survive without breathing.
You are immune to petrification.
You are agile. (Dex +2)


Message History

* * * LOW HITPOINT WARNING * * *
The deep troll shaman calls upon its god to strengthen something.
You hear a grinding noise.
Read which item? (? for menu, Esc to quit)
As you read the scroll of teleportation, it crumbles to dust.
You feel strangely unstable.
The deep troll earth mage closely misses you.
The deep troll earth mage claws you but does no damage.
The deep troll earth mage bites you but does no damage.
The deep troll earth mage claws you.
* * * LOW HITPOINT WARNING * * *
The deep troll earth mage claws you but does no damage.
The deep troll shaman calls upon its god to strengthen the deep troll earth mage.
The deep troll earth mage seems to grow stronger.
The deep troll earth mage barely misses you.
The deep troll earth mage claws you!
* * * LOW HITPOINT WARNING * * *
The deep troll earth mage claws you but does no damage.
The deep troll earth mage bites you!
You die...

# # ########### # #.........#####
# #.....(...##≈≈## ###### #
###.........#≈≈≈≈###..(.. #
###...###.....≈≈≈≈≈≈##.....
#######......###....≈≈≈≈≈(≈#.....
#...##.(.##.#.L#####≈≈≈≈≈≈##.....
#.......'.>.'TTT@.###≈)≈≈###...(.
........###...###.....≈(...).....
....T.#......###############.....
#.......##.###.# ######
#..........##.#
..............#####≈≈≈
#.........(%......≈≈≈≈≈≈≈
........#..#..###.≈≈≈≈≈≈≈#
.....###..##.).##.≈≈≈≈≈≈≈#


You could see a lich, a deep troll, a deep troll earth mage and a deep troll
shaman.

Vanquished Creatures
  A greater mummy (Depths:4)
  Saint Roka (Swamp:2)
  Boris (Depths:3)
  Sojobo (Depths:5)
  4 golden dragons
  A lich (Depths:1)
  8 tentacled monstrosities
  2 titans (Depths:4)
  A storm dragon (Depths:5)
  Rupert (Lair:3)
  Agnes (Depths:3)
  3 tengu reavers
  Roxanne (D:14)
  The ghost of HollowCharge the Fencer, a powerful MiBe of Trog (Orc:4)
  4 fire giants
  4 frost giants
  3 orc warlords
  Jorgrun (Swamp:4)
  20 stone giants
  2 green deaths (Swamp:5)
  A blizzard demon (Depths:1)
  Snorg (Swamp:2)
  3 vault guards (Depths:4)
  A merfolk impaler (Depths:5)
  4 minotaurs
  A minotaur (shapeshifter) (Depths:2)
  A siren (Depths:2)
  4 jiangshi (Depths:4)
  21 ettins
  A great orb of eyes (shapeshifter) (Depths:2)
  A deep elf high priest (Depths:3)
  10 yaktaur captains
  29 hydras
  An ice dragon (Depths:1)
  An anaconda (shapeshifter) (Depths:5)
  Erica (D:13)
  15 deep troll earth magi
  5 death yaks
  4 ogre magi
  6 tengu warriors
  3 rakshasas
  7 alligators
  4 vampire magi (Depths:4)
  3 thrashing horrors (Swamp:5)
  4 orc high priests
  6 naga warriors
  10 deep troll shamans
  14 very ugly things
  A soul eater (Depths:1)
  8 iron trolls
  11 centaur warriors
  A catoblepas (Lair:5)
  17 hell knights
  28 deep trolls
  A deep elf knight (Depths:2)
  A shadow demon (Depths:5)
  4 skeletal warriors
  5 unseen horrors
  A giant orange brain (D:16)
  A death drake (shapeshifter) (Depths:2)
  A ball lightning (Depths:3)
  52 slime creatures
  4 swamp dragons
  2 giant orange brains (shapeshifter)
  19 hill giants
  A flaming corpse (Depths:3)
  A giant amoeba (D:14)
  Erolcha (D:10)
  A large abomination (Swamp:5)
  A deep elf conjurer (Depths:2)
  7 necromancers
  4 orc sorcerers (Orc:4)
  4 wizards
  A red wasp (shapeshifter) (Depths:1)
  2 wolf spiders (shapeshifter)
  A red wasp (Swamp:5)
  15 orc knights
  5 cyclopes
  3 griffons
  A draconian (shapeshifter) (Depths:5)
  A draconian (Depths:4)
  9 elephants
  2 black mambas (Lair:8)
  A deep elf summoner (Depths:1)
  25 spiny frogs
  6 orange demons
  A smoke demon (Depths:5)
  31 yaktaurs
  A fire drake (shapeshifter) (Depths:5)
  2 fire drakes
  2 naga magi (Depths:2)
  A tengu conjurer (Depths:3)
  A yaktaur (shapeshifter) (Depths:1)
  A hell beast (Depths:3)
  3 giant leeches
  A deep elf priest (Depths:2)
  A red devil (Depths:4)
  A troll (shapeshifter) (Depths:2)
  A hydra zombie (D:13)
  A blue devil (Depths:3)
  13 komodo dragons
  6 trolls
  An iron devil (Depths:1)
  A minotaur zombie (Lab)
  A polar bear (D:10)
  A baby alligator (shapeshifter) (Depths:5)
  2 spriggans (shapeshifter)
  15 two-headed ogres
  25 blink frogs
  11 bog bodies
  A grizzly bear (shapeshifter) (Depths:5)
  A harpy skeleton (D:16)
  4 basilisks
  6 grizzly bears (D:10)
  7 baby alligators
  A redback (shapeshifter) (Depths:4)
  A ynoxinul (Depths:5)
  71 ugly things
  4 trapdoor spiders
  A brown ooze (shapeshifter) (D:16)
  A yak (shapeshifter) (Depths:2)
  5 air elementals (Depths:5)
  60 yaks
  4 shadows
  16 humans
  11 water elementals
  3 wraiths
  A deep elf fighter (Depths:2)
  A spiny worm zombie (D:16)
  3 sharks
  Eustachio (D:6)
  A tarantella (shapeshifter) (D:14)
  An elephant slug (Lair:5)
  2 wyverns
  A steam dragon (D:9)
  10 hippogriffs
  3 merfolk (Depths:5)
  A merfolk (shapeshifter) (Depths:3)
  5 vampires
  A hog (shapeshifter) (Depths:4)
  A human (shapeshifter) (Depths:2)
  4 manticores
  2 hungry ghosts (D:14)
  29 vampire mosquitoes
  8 wolves
  A human zombie (Depths:5)
  Edmund (D:6)
  3 mottled dragons
  6 necrophages
  9 swamp drakes
  45 swamp worms
  A deep troll skeleton (Depths:5)
  10 porcupines
  49 orc warriors
  11 nagas
  A deep dwarf (Depths:4)
  A freezing wraith (Depths:4)
  5 giant goldfish
  5 ice beasts
  A sky beast (shapeshifter) (Depths:3)
  3 yellow wasps
  20 centaurs
  3 black bears
  11 tengu
  26 ogres
  3 sky beasts
  A boring beetle (Lair:8)
  A phantom (D:13)
  2 giant slugs
  22 water moccasins
  20 giant frogs
  7 wargs
  13 crocodiles
  13 agate snails
  A wyvern zombie (D:10)
  A cyclops zombie (D:9)
  A manticore zombie (D:8)
  16 insubstantial wisps
  A blink frog simulacrum (D:14)
  28 killer bees
  An eye of draining (shapeshifter) (Depths:4)
  An eye of draining (D:16)
  2 cyclops skeletons
  6 wights
  11 jellyfish
  8 electric eels
  A yak skeleton (D:13)
  2 spectral wolves (Depths:4)
  16 crimson imps
  9 big fish
  4 quasits
  4 goliath beetles
  An iron imp (Depths:1)
  A basilisk zombie (D:16)
  A gnoll shaman (D:10)
  18 hounds
  10 iguanas
  8 jellies
  6 scorpions
  27 orc priests
  An orange rat (D:7)
  8 worker ants
  40 orc wizards
  A killer bee zombie (D:10)
  10 sheep
  A mottled dragon skeleton (D:15)
  Ijyb (D:6)
  A brain worm zombie (D:14)
  10 boggarts
  2 hound zombies (D:10)
  A crocodile skeleton (D:13)
  10 mummies (Ossuary)
  21 adders
  11 gnolls
  A lemure (Depths:1)
  5 giant centipedes
  31 green rats
  A white imp (Depths:1)
  A shadow imp (Depths:1)
  7 giant mites
  2 inept feature mimics
  8 worms
  4 ufetubi
  An adder skeleton (D:8)
  An adder zombie (D:8)
  4 grey rats (D:7)
  An iguana skeleton (D:5)
  7 giant eyeballs
  209 orcs
  A ball python (D:1)
  2 bat skeletons
  7 giant cockroaches
  17 goblins
  19 hobgoblins
  24 jackals
  9 quokkas
  A training dummy (Depths:4)
  27 bats
  A giant cockroach zombie (D:6)
  6 giant geckos
  6 giant newts
  3 giant spores
  A gnoll skeleton (Ossuary)
  4 goblin skeletons (Ossuary)
  A hobgoblin skeleton (D:6)
  15 kobolds
  2 kobold skeletons
  A kobold zombie (D:5)
  5 orc skeletons
  8 orc zombies
  A quokka skeleton (D:4)
  23 rats
  13 rat skeletons
  21 ballistomycetes
  A fungus (Lair:8)
  4 plants
1971 creatures vanquished.

Vanquished Creatures (others)
  An elf (Depths:4)
  A yaktaur (Depths:4)
  A human (Depths:4)
  A wolf (Depths:4)
  2 gnomes (Depths:4)
  A jellyfish (D:13)
  32 fulminant prisms
  7 giant spores
  9 ballistomycetes
  5 fungi
  19 plants
79 creatures vanquished.

Grand Total: 2050 creatures vanquished

Notes
Turn   | Place    | Note
--------------------------------------------------------------
     0 | D:1      | Ololoev, the Gargoyle Conjurer, began the quest for the Orb.
     0 | D:1      | Reached XP level 1. HP: 10/10 MP: 3/3
   347 | D:1      | Reached XP level 2. HP: 15/15 MP: 0/5
   678 | D:1      | Learned a level 2 spell: Searing Ray
   862 | D:1      | Reached XP level 3. HP: 19/19 MP: 5/8
  1283 | D:2      | Found a burning altar of Makhleb.
  1287 | D:2      | Reached XP level 4. HP: 24/24 MP: 4/11
  2203 | D:3      | Reached skill level 5 in Conjurations
  2252 | D:3      | Reached XP level 5. HP: 28/28 MP: 10/13
  3112 | D:4      | Reached skill level 6 in Conjurations
  3124 | D:4      | Learned a level 4 spell: Iskenderun's Battlesphere
  3190 | D:4      | Found a staircase to the Ecumenical Temple.
  3208 | Temple   | Entered the Ecumenical Temple
  3328 | Temple   | Became a worshipper of Vehumet
  3383 | D:4      | Reached XP level 6. HP: 32/32 MP: 12/15
  3427 | D:4      | Noticed an ogre
  3442 | D:4      | Killed an ogre
  3582 | D:4      | Reached skill level 7 in Conjurations
  3843 | D:4      | Found a gateway to a ziggurat.
  3949 | D:4      | Found an iron altar of Okawaru.
  4214 | D:4      | Reached XP level 7. HP: 29/36 MP: 11/17
  4431 | D:4      | Found Esoucviu's Distillery.
  4436 | D:4      | Bought a potion of might for 27 gold pieces
  4436 | D:4      | Bought a potion of heal wounds for 33 gold pieces
  4436 | D:4      | Bought a potion of poison for 11 gold pieces
  4436 | D:4      | Bought a potion of berserk rage for 33 gold pieces
  4436 | D:4      | Bought a potion of curing for 22 gold pieces
  4436 | D:4      | Bought a potion of paralysis for 11 gold pieces
  4436 | D:4      | Bought a potion of brilliance for 27 gold pieces
  4479 | D:5      | Entered Level 5 of the Dungeon
  4763 | D:4      | Reached skill level 8 in Conjurations
  4952 | D:5      | Acquired Vehumet's first power
  4952 | D:5      | Offered knowledge of Shock by Vehumet.
  5110 | D:5      | Reached skill level 9 in Conjurations
  5137 | D:5      | Learned a level 4 spell: Iskenderun's Mystic Blast
  5154 | D:5      | Found a burning altar of Makhleb.
  5169 | D:5      | Reached skill level 1 in Charms
  5180 | D:5      | Reached XP level 8. HP: 41/41 MP: 11/18
  5715 | D:6      | Found a white marble altar of Elyvilon.
  5827 | D:6      | Reached skill level 5 in Spellcasting
  6022 | D:6      | Paralysed by a giant eyeball for 3 turns
  6028 | D:6      | Paralysed by a giant eyeball for 4 turns
  6033 | D:6      | Offered knowledge of Throw Flame by Vehumet.
  6037 | D:6      | Learned a level 2 spell: Throw Flame
  6038 | D:6      | Noticed Eustachio
  6048 | D:6      | Killed Eustachio
  6255 | D:6      | Noticed Ijyb
  6259 | D:6      | Killed Ijyb
  6259 | D:6      | Reached XP level 9. HP: 45/45 MP: 12/22
  6312 | D:6      | Gained mutation: You are agile. (Dex +2) [potion of beneficial mutation]
  6637 | D:6      | Reached skill level 5 in Fire Magic
  6924 | D:6      | Noticed Edmund
  6931 | D:6      | Killed Edmund
  7345 | D:7      | Offered knowledge of Conjure Flame by Vehumet.
  7350 | D:7      | Learned a level 3 spell: Conjure Flame
  7414 | D:7      | Found a sand-covered staircase.
  7422 | Ossuary  | Entered an ossuary
  7593 | Ossuary  | Acquired Vehumet's second power
  7644 | Ossuary  | Offered knowledge of Olgreb's Toxic Radiance by Vehumet.
  7998 | D:7      | Found Ikattepp's Assorted Antiques.
  8019 | D:7      | Identified a scroll of acquirement
  8069 | D:7      | Acquired Vehumet's third power
  8099 | D:7      | Offered knowledge of Bolt of Draining by Vehumet.
  8598 | D:7      | Reached XP level 10. HP: 50/50 MP: 19/25
  9426 | D:8      | Got a warped shield
  9433 | D:8      | Identified the -3 shield of Restlessness {Dex+3 Int-2} (You acquired it on level 8 of the Dungeon)
  9512 | D:8      | Noticed a seven-headed hydra
  9518 | D:8      | Killed a seven-headed hydra
  9608 | D:8      | Found Buatt's Armour Shop.
 10125 | D:9      | Found a glowing golden altar of the Shining One.
 10298 | D:9      | Found Kleine's Armour Shop.
 10324 | D:9      | Bought a +0 helmet of see invisible for 140 gold pieces
 10587 | D:10     | Entered Level 10 of the Dungeon
 10671 | D:10     | Offered knowledge of Conjure Ball Lightning by Vehumet.
 10686 | D:10     | Noticed an unseen horror
 10691 | D:10     | Killed an unseen horror
 10728 | D:10     | Reached XP level 11. HP: 48/54 MP: 19/29
 10787 | D:10     | Noticed a hill giant
 10793 | D:10     | Killed a hill giant
 10793 | D:10     | Reached skill level 10 in Fire Magic
 10986 | D:10     | Found a blossoming altar of Fedhas.
 11064 | D:10     | Noticed a hill giant
 11077 | D:10     | Killed a hill giant
 11077 | D:10     | Reached skill level 10 in Spellcasting
 11090 | D:10     | Noticed an unseen horror
 11099 | D:10     | Killed an unseen horror
 11534 | D:10     | Reached skill level 11 in Fire Magic
 11948 | D:10     | Noticed Erolcha
 11952 | D:10     | Killed Erolcha
 12297 | D:11     | Found a staircase to the Orcish Mines.
 12304 | D:11     | Noticed a hill giant
 12320 | D:11     | Killed a hill giant
 12533 | D:11     | Found a roughly hewn altar of Beogh.
 12626 | D:11     | Reached XP level 12. HP: 45/59 MP: 31/31
 12821 | D:11     | Noticed a hill giant
 12827 | D:11     | Killed a hill giant
 13238 | D:11     | Noticed a hill giant
 13245 | D:11     | Killed a hill giant
 13245 | D:11     | Reached skill level 12 in Fire Magic
 13381 | D:11     | Noticed a hill giant
 13390 | D:11     | Killed a hill giant
 13500 | D:11     | Found a staircase to the Lair.
 13658 | D:11     | Found Baju Guc's Assorted Antiques.
 13997 | D:12     | Offered knowledge of Bolt of Magma by Vehumet.
 14048 | D:12     | Found a flagged portal.
 14105 | Bailey   | Entered a bailey
 14634 | Bailey   | Got an ancient gold dragon armour
 14653 | Bailey   | Identified the cursed +13 gold dragon armour "Zuusk" {rPois rF+ rC+ Int+2} (You found it in a bailey)
 14814 | D:12     | Learned a level 5 spell: Bolt of Magma
 15482 | D:12     | Reached skill level 13 in Fire Magic
 15737 | D:12     | Reached skill level 1 in Earth Magic
 16325 | D:13     | Noticed Erica
 16333 | D:13     | Killed Erica
 16480 | D:13     | Reached XP level 13. HP: 63/63 MP: 33/33
 16816 | D:13     | Reached skill level 5 in Earth Magic
 16868 | D:13     | Noticed a seven-headed hydra
 16876 | D:13     | Killed a seven-headed hydra
 17123 | D:13     | Offered knowledge of Delayed Fireball by Vehumet.
 17123 | D:13     | Reached skill level 1 in Fighting
 17132 | D:13     | Learned a level 7 spell: Delayed Fireball
 18324 | D:14     | Noticed Roxanne
 18332 | D:14     | Learned a level 5 spell: Fulminant Prism
 18836 | D:14     | Killed Roxanne
 18851 | D:14     | Learned a level 4 spell: Dig
 18963 | D:14     | Reached skill level 10 in Conjurations
 19380 | D:14     | Found Fraemiq's General Store.
 19752 | D:14     | Reached skill level 5 in Fighting
 20118 | D:14     | Gained mutation: Your wings are large and strong. [gargoyle growth]
 20118 | D:14     | Reached XP level 14. HP: 72/78 MP: 35/35
 20207 | D:14     | Got a faintly glowing robe
 20214 | D:14     | Identified the cursed -3 robe "Nogyreoh" {+Fly} (You took it off a centaur on level 14 of the Dungeon)
 20716 | Lair:1   | Entered Level 1 of the Lair of Beasts
 21080 | Lair:1   | Offered knowledge of Bolt of Fire by Vehumet.
 22644 | Lair:2   | Reached skill level 14 in Fire Magic
 23244 | Lair:3   | Offered knowledge of Orb of Destruction by Vehumet.
 23314 | Lair:3   | Learned a level 7 spell: Orb of Destruction
 23325 | Lair:3   | Got a slimy great sword
 23326 | Lair:3   | Identified the +4,+10 great sword of Cicw {slice, rPois MR++} (You found it on level 3 of the Lair of Beasts)
 23376 | Lair:3   | Noticed Rupert
 23399 | Lair:3   | HP: 2/78 [Rupert/runed great mace (7)]
 23412 | Lair:3   | Killed Rupert
 23971 | Lair:3   | Got a pitted ring mail
 23972 | Lair:3   | Identified the +5 ring mail "Zeur" {Dex+1 Int+3} (You found it on level 3 of the Lair of Beasts)
 24211 | Lair:4   | Found a staircase to the Swamp.
 24679 | Lair:5   | Reached skill level 15 in Spellcasting
 24809 | Lair:5   | Found a hole to the Spider Nest.
 24857 | Lair:5   | Found a labyrinth entrance.
 24866 | Lab      | Entered a labyrinth
 25763 | Lab      | Got an ichor-stained leather armour
 25774 | Lab      | Identified the +3 leather armour "Ceggopra" {Str+3 Dam+2} (You found it in a labyrinth)
 26201 | Lair:5   | Reached XP level 15. HP: 82/82 MP: 37/37
 26997 | Lair:6   | Offered knowledge of Poisonous Cloud by Vehumet.
 27283 | Lair:6   | Got a dazzling buckler
 27287 | Lair:6   | Identified the +1 buckler of Gronn {MR++} (You acquired it on level 6 of the Lair of Beasts)
 27518 | Lair:7   | Found a viscous altar of Jiyva.
 27518 | Lair:7   | Found a staircase to the Slime Pits.
 27557 | Lair:7   | Reached skill level 1 in Shields
 27566 | Lair:7   | Upgraded the game from 0.14-a0-1444-g21dc12d to 0.14-a0-1474-g1105da3
 27721 | Lair:7   | Got a shimmering platinum ring
 27722 | Lair:7   | Identified the ring "Axuzogg" {Hunger rN+ MR++ Dex+3} (You found it on level 7 of the Lair of Beasts)
 28018 | Lair:7   | Reached skill level 16 in Spellcasting
 28171 | Lair:8   | Entered Level 8 of the Lair of Beasts
 30070 | Swamp:1  | Entered Level 1 of the Swamp
 30088 | Swamp:1  | Offered knowledge of Bolt of Cold by Vehumet.
 30354 | Swamp:1  | Reached skill level 17 in Spellcasting
 31259 | Swamp:2  | Noticed Saint Roka
 31381 | Swamp:2  | Killed Saint Roka
 31381 | Swamp:2  | Reached XP level 16. HP: 76/87 MP: 9/39
 32106 | Swamp:2  | Noticed Snorg
 32112 | Swamp:2  | Killed Snorg
 34267 | Swamp:4  | Offered knowledge of Lehudib's Crystal Spear by Vehumet.
 34267 | Swamp:4  | Offered knowledge of Fire Storm by Vehumet.
 34267 | Swamp:4  | Offered knowledge of Chain Lightning by Vehumet.
 34553 | Swamp:4  | Noticed Jorgrun
 34566 | Swamp:4  | Killed Jorgrun
 34840 | Swamp:4  | Reached skill level 15 in Conjurations
 35254 | Swamp:5  | Entered Level 5 of the Swamp
 36713 | Swamp:5  | Noticed a tentacled monstrosity
 36720 | Swamp:5  | Killed a tentacled monstrosity
 36720 | Swamp:5  | Reached skill level 15 in Fire Magic
 36909 | Swamp:5  | Reached XP level 17. HP: 89/92 MP: 39/39
 37388 | Swamp:5  | Got a decaying rune of Zot
 37817 | Orc:1    | Entered Level 1 of the Orcish Mines
 37885 | Orc:2    | Found a roughly hewn altar of Beogh.
 39606 | Orc:3    | Found a staircase to the Elven Halls.
 40113 | Orc:4    | Entered Level 4 of the Orcish Mines
 40145 | Orc:4    | Found Woalo's General Store.
 40512 | Orc:4    | Found a roughly hewn altar of Beogh.
 40569 | Orc:4    | Noticed HollowCharge's ghost (powerful MiBe)
 40576 | Orc:4    | Killed HollowCharge's ghost
 41725 | Orc:4    | Found Kluheuj's Antique Armour Shop.
 41730 | Orc:4    | Found Totsus' Antique Weapon Shop.
 41733 | Orc:4    | Found Heyrphoff's General Store.
 41733 | Orc:4    | Found Vaafulum's Book Boutique.
 41826 | Orc:4    | Upgraded the game from 0.14-a0-1474-g1105da3 to 0.14-a0-1499-g388a102
 42105 | D:15     | Entered Level 15 of the Dungeon
 42105 | D:15     | Found a gate to the Vaults.
 42648 | D:15     | Got a faintly glowing morningstar
 42649 | D:15     | Identified the +9,-1 morningstar of Utonut {crush, rF++ rC+} (You found it on level 15 of the Dungeon)
 43668 | D:16     | Entered Level 16 of the Dungeon
 45640 | D:16     | Reached XP level 18. HP: 96/96 MP: 33/40
 45743 | D:16     | Found a staircase to the Depths.
 45776 | Depths:1 | Entered Level 1 of the Depths
 46454 | Depths:1 | Found a one-way gate leading to the halls of Pandemonium.
 46586 | Depths:1 | Noticed a golden dragon
 46598 | Depths:1 | Killed a golden dragon
 46602 | Depths:1 | Reached skill level 18 in Conjurations
 47250 | Depths:1 | Noticed a tentacled monstrosity
 47254 | Depths:1 | Noticed a lich
 47257 | Depths:1 | Killed a tentacled monstrosity
 47261 | Depths:1 | Killed a lich
 47855 | Depths:1 | Noticed a tentacled monstrosity
 47863 | Depths:1 | Killed a tentacled monstrosity
 48099 | Depths:1 | Got a slimy spear
 48125 | Depths:1 | Learned a level 6 spell: Haste
 48137 | Depths:1 | Got a dazzling sling
 48146 | Depths:1 | Identified the +10,+4 spear "Samaorr" {vamp, rN+ MR++} (You found it on level 1 of the Depths)
 48147 | Depths:1 | Identified the +10,+5 sling of Contradiction {velocity, rPois rC+} (You found it on level 1 of the Depths)
 48231 | Depths:1 | Noticed Mara
 48234 | Depths:1 | Noticed Ololoev's illusion
 48235 | Depths:1 | Noticed Mara
 48316 | Depths:1 | Found a gateway to Hell.
 49734 | Depths:2 | Reached XP level 19. HP: 105/105 MP: 6/40
 49947 | Depths:2 | Noticed a golden dragon
 49947 | Depths:2 | Noticed a tentacled monstrosity
 49961 | Depths:2 | Killed a tentacled monstrosity
 49961 | Depths:2 | Reached skill level 19 in Conjurations
 49962 | Depths:2 | Killed a golden dragon
 50174 | Depths:2 | Noticed a tentacled monstrosity
 50199 | Depths:2 | Killed a tentacled monstrosity
 53925 | Depths:3 | Noticed Boris
 53933 | Depths:3 | Killed Boris
 53933 | Depths:3 | Reached skill level 10 in Fighting
 53935 | Depths:3 | Noticed Agnes
 53945 | Depths:3 | Killed Agnes
 54374 | Depths:3 | Found Skiupap's Weapon Shop.
 54407 | Depths:3 | Noticed a golden dragon
 54420 | Depths:3 | Reached XP level 20. HP: 106/118 MP: 18/41
 54427 | Depths:3 | Killed a golden dragon
 54427 | Depths:3 | Reached skill level 20 in Conjurations
 55759 | Depths:4 | Found a flickering gateway to a bazaar.
 55769 | Bazaar   | Entered a bazaar
 55769 | Bazaar   | Found Wahus Tao's Antique Armour Emporium.
 55769 | Bazaar   | Found Pnamir's Assorted Antiques.
 55769 | Bazaar   | Found Nijiuh's Antique Armour Shoppe.
 55770 | Bazaar   | Found Ruthrerink's Antique Weapon Shop.
 55771 | Bazaar   | Found Daataf's Antique Armour Shoppe.
 55771 | Bazaar   | Found Oppaip's Assorted Antiques.
 55781 | Bazaar   | Bought a fine leather armour for 217 gold pieces
 55787 | Bazaar   | Bought a pair of runed boots for 45 gold pieces
 55787 | Bazaar   | Bought a scroll of blinking for 165 gold pieces
 55787 | Bazaar   | Bought 2 potions of resistance for 420 gold pieces
 55800 | Bazaar   | Identified the +3 leather armour "Qas Arhu" {rF+ MR++} (You bought it in a shop in a bazaar)
 55809 | Bazaar   | Bought a scroll of fear for 63 gold pieces
 55809 | Bazaar   | Bought a potion of heal wounds for 54 gold pieces
 55809 | Bazaar   | Bought a scroll of teleportation for 54 gold pieces
 55809 | Bazaar   | Bought a potion of curing for 36 gold pieces
 55809 | Bazaar   | Bought a scroll of amnesia for 99 gold pieces
 56078 | Depths:4 | Found a one-way gate to the infinite horrors of the Abyss.
 56577 | Depths:4 | Noticed a golden dragon
 56583 | Depths:4 | Killed a golden dragon
 57164 | Depths:4 | Noticed a greater mummy
 57173 | Depths:4 | Killed a greater mummy
 57326 | Depths:4 | Found an ancient bone altar of Kikubaaqudgha.
 58115 | Depths:4 | Found Pniliaf's Slaves and Accessories.
 58382 | Depths:4 | Found The Legendary Lulem's Legendary Smithy.
 58501 | Depths:4 | Found Stan's Special Sausages.
 58505 | Depths:4 | Reached XP level 21. HP: 99/128 MP: 32/41
 58582 | Depths:4 | Found Twuinum's Miraculous Elixirs.
 59264 | Depths:4 | Reached skill level 21 in Conjurations
 60461 | Depths:5 | HP: 4/129 [deep troll earth mage/Lee's Rapid Deconstruction (28)]
 60920 | Depths:5 | Noticed Sojobo
 63369 | Depths:5 | Killed Sojobo
 63679 | Depths:5 | HP: 5/132 [deep troll shaman (12)]
 63690 | Depths:5 | HP: 2/132 [deep troll earth mage (12)]
 63691 | Depths:5 | Mangled by a deep troll earth mage

Action                   |  1- 3 |  4- 6 |  7- 9 | 10-12 | 13-15 | 16-18 | 19-21 || total
-------------------------+-------+-------+-------+-------+-------+-------+-------++-------
Melee: Club              |     6 |       |       |       |       |       |       ||     6
       Dagger            |     2 |       |       |       |       |       |       ||     2
       Mace              |    26 |    20 |       |       |       |       |       ||    46
       Trident           |       |    43 |   105 |    12 |       |       |       ||   160
       Staff             |       |       |       |    28 |    71 |     4 |       ||   103
       Morningstar       |       |       |       |       |       |    28 |    10 ||    38
 Cast: Magic Dart        |    57 |    63 |   111 |   172 |   208 |   163 |    11 ||   785
       Searing Ray       |     1 |    11 |    56 |   120 |   215 |    47 |     8 ||   458
       Iskenderun's Batt |       |       |    12 |    43 |    50 |    66 |    49 ||   220
       Iskenderun's Myst |       |       |     4 |    43 |    37 |   180 |    41 ||   305
       Throw Flame       |       |       |    12 |       |       |       |       ||    12
       Conjure Flame     |       |       |     3 |    43 |    39 |    13 |     3 ||   101
       Bolt of Magma     |       |       |       |    12 |   282 |   633 |   621 ||  1548
       Fulminant Prism   |       |       |       |       |    29 |     3 |       ||    32
       Delayed Fireball  |       |       |       |       |     3 |     7 |     2 ||    12
       Orb of Destructio |       |       |       |       |     3 |     6 |    21 ||    30
 Abil: Evoke Flight      |       |       |       |     2 |       |       |       ||     2
       Release Delayed F |       |       |       |       |     3 |     6 |     3 ||    12
       Fly               |       |       |       |       |     1 |       |       ||     1
Evoke: Wand              |       |       |     7 |     2 |     3 |     2 |     3 ||    17
       Deck              |       |       |       |       |     1 |       |       ||     1
  Use: Potion            |       |       |     3 |     1 |     6 |     8 |    14 ||    32
       Scroll            |       |       |    25 |    13 |    14 |    11 |     8 ||    71
 Stab: Sleeping          |       |       |     1 |     1 |       |       |       ||     2
